 Dungeon Crawl Stone Soup version 0.28-a0-1447-ga5a8893891 (webtiles) character file.

Game seed: 276252038516889894

214 RepHenryClay the Conjurer (level 5, -2/31 HPs)
             Began as an Octopode Conjurer on Jan 10, 2022.
             Slain by a scorpion (10 damage)
             ... on level 4 of the Dungeon.
             The game lasted 00:05:40 (4510 turns).

RepHenryClay the Conjurer (Octopode Conjurer)       Turns: 4510, Time: 00:05:41

Health: -2/31      AC:  1    Str:  6    XL:     5   Next: 92%
Magic:  6/8        EV: 13    Int: 22    God:
Gold:   163        SH:  0    Dex: 11    Spells: 1/8 levels left

rFire   . . .      SeeInvis .   i - +0 short sword (distort)
rCold   . . .      Faith    .   (no shield)
rNeg    . . .      Spirit   .   (helmet restricted)
rPois   .          Reflect  .   (no amulet)
rElec   .          Harm     .   l - ring of wizardry
rCorr   .          Rampage  .   (no ring)
Will    .....                   (no ring)
Stlth   +++.......              (no ring)
HPRegen 0.10/turn               (no ring)
MPRegen 0.11/turn               (no ring)
                                (no ring)
                                (no ring)

@: lethally poisoned (-2 -> -8), about to teleport
A: almost no armour, amphibious, 8 rings, camouflage 1, gelatinous body 1,
(nimble swimmer 1), tentacles
a: no special abilities


You were on level 4 of the Dungeon.
You visited 2 branches of the dungeon, and saw 5 of its levels.

You collected 163 gold pieces.

Inventory:

Hand Weapons
 i - a +0 short sword of distortion (weapon)
Magical Staves
 f - a staff of earth
Jewellery
 l - a ring of wizardry (left tentacle)
Scrolls
 h - a scroll of vulnerability {unknown}
 k - a scroll of identify {@r1}
 m - a scroll of amnesia {unknown}
Potions
 a - 5 potions of brilliance
 b - a potion of resistance {unknown}
 d - a potion of curing
 e - a potion of attraction
 j - 3 potions of flight {unknown}


   Skills:
 + Level 2.0 Dodging
 - Level 2.6 Stealth
 - Level 2.0 Spellcasting
 - Level 6.9 Conjurations
 + Level 0.1 Translocations


You had one spell level left.
You knew the following spells:

 Your Spells              Type           Power      Damage    Failure   Level
a - Magic Dart            Conj           100%       1d8       1%          1
b - Searing Ray           Conj           64%        2d6       1%          2
c - Iskenderun's Mystic   Conj/Tloc      17%        2d5       13%         4

Your spell library contained the following spells:

 Spells                   Type           Power      Damage    Failure   Level
 Beastly Appendage        Tmut           4%         N/A       6%          1
 Slow                     Hex            8%         N/A       6%          1
 Dazzling Flash           Conj/Hex       34%        N/A       4%          3
 Wereblood                Tmut           2%         N/A       9%          2
 Fulminant Prism          Conj/Hex       8%         3d7       13%         4
 Confusing Touch          Hex            2%         N/A       16%         3
 Spider Form              Tmut/Pois      2%         N/A       16%         3
 Vampiric Draining        Necr           2%         2d6       16%         3


Dungeon Overview and Level Annotations

Branches:
Dungeon (4/15)             Temple (1/1) D:4

Altars:
Ashenzari
Dithmenos
Kikubaaqudgha
Nemelex Xobeh
Ru
Trog
Uskayaw
Wu Jian
Xom
Zin
The Shining One

Annotations:
D:4 1 runed translucent door, MadeInAbyssDelver's ghost, weakling HuDe


Innate Abilities, Weirdness & Mutations

You cannot wear most types of armour.
You are amphibious.
You can wear up to eight rings at the same time.
Your skin changes colour to match your surroundings (Stealth+).
Your rubbery body absorbs attacks. (AC +1, EV +1)
((You are camouflaged when in or above water. (Stealth+)))
You have tentacles for arms and can constrict up to eight enemies at once.


Message History

Confirm with . or Enter, or press ? or * to list all spells.
Aiming: Magic Dart (safe; 1% risk of failure)
Press: ? - help, Shift-Dir - straight line, f/p - scorpion
Aim: a scorpion (lightly wounded, 100% to hit)
The magic dart hits the ball python.
You kill the ball python!
Throw: 3 darts (poison)
Press: ? - help, Q - select action, (/) - cycle Shift-Dir - straight line, f/p - scorpion
Aim: a scorpion (lightly wounded, 54% to hit)
You throw a poisoned dart.
The poisoned dart closely misses the scorpion.
The scorpion closely misses you.
Throw: 2 darts (poison)
Press: ? - help, Q - select action, (/) - cycle Shift-Dir - straight line, f/p - scorpion
Aim: a scorpion (lightly wounded, 54% to hit)
You throw a poisoned dart.
The poisoned dart barely misses the scorpion.
The scorpion stings you!
You are poisoned.
The scorpion poisons you!
Huge Dmg: -25%(-8hp) hp: 75%(23hp) Throw: dart (poison)
Press: ? - help, Q - select action, (/) - cycle Shift-Dir - straight line, f/p - scorpion
Aim: a scorpion (lightly wounded, 54% to hit)
You throw a poisoned dart.
The poisoned dart barely misses the scorpion.
You feel sick. The scorpion stings you!
* * * LOW HITPOINT WARNING * * *
Huge Dmg: -36%(-11hp) hp: 39%(12hp)
You feel better. The scorpion stings you!
You are poisoned.
The scorpion poisons you!
You feel very sick.
Damage: -10%(-3hp) hp: 39%(12hp)
As you read the scroll labelled QAIXOMONN, it crumbles to dust.
You feel strangely unstable.
It was a scroll of teleportation.
You feel sick. The scorpion stings you.
* * * LOW HITPOINT WARNING * * *
The scorpion stings you!
You die...

##..# ##........ ..#
###### #..#
##..###.......# #...##
##..#####...# ##..(.#
#..... ###.....##...##
...# #...##
............## ...# #...#
............## #(..#
#...## .............#
##(...# ##...#
..............####s....#
#...#
..<............#.@.....#
##...
...................##...#
#... .................###
...# ##..
................## ...
##. .................# ..
## .................# . #
...............(.#######.
.........................
.........................


You could see a scorpion.

Vanquished Creatures
  Menkaure (D:4)
  An iguana (D:4)
  A worm (D:3)
  2 dart slugs
  7 ball pythons
  7 endoplasms
  2 giant cockroaches
  3 goblins
  7 hobgoblins
  7 kobolds
  4 quokkas
  6 bats
  2 frilled lizards
  7 rats
57 creatures vanquished.

Vanquished Creatures (others)
  A demonspawn (D:1)
  2 octopodes (D:1)
  A merfolk (D:1)
  A human (D:1)
  A demigod (D:1)
  A tengu (D:1)
  A felid (D:1)
  A mummy (D:1)
  A gnoll (D:1)
  An orc (D:1)
  A kobold (D:1)
  6 plants
  12 tentacles (D:1)
30 creatures vanquished.

Grand Total: 87 creatures vanquished

Notes
Turn   | Place    | Note
-------+----------+-------------------------------------------
     0 | D:1      | RepHenryClay the Octopode Conjurer began the quest for the
                  | Orb.
     0 | D:1      | Reached XP level 1. HP: 11/11 MP: 3/3
     0 | D:1      | Noticed a felid
     0 | D:1      | Noticed a tengu
     0 | D:1      | Noticed an octopode
     0 | D:1      | Noticed a demigod
     0 | D:1      | Noticed a kraken
     0 | D:1      | Noticed an octopode
     0 | D:1      | Noticed a demonspawn
     0 | D:1      | Noticed a human
     0 | D:1      | Noticed a merfolk
     4 | D:1      | Killed a felid
     6 | D:1      | Killed a human
     8 | D:1      | Killed a merfolk
     8 | D:1      | Killed a tengu
     9 | D:1      | Killed an octopode
    10 | D:1      | Killed a demonspawn
    12 | D:1      | Killed an octopode
    13 | D:1      | Killed a demigod
   295 | D:1      | Reached XP level 2. HP: 17/17 MP: 1/5
   344 | D:1      | Found a faded altar of an unknown god.
   546 | D:1      | Learned a level 2 spell: Searing Ray
  1144 | D:2      | Reached XP level 3. HP: 21/21 MP: 3/6
  1232 | D:2      | Identified the +1 tower shield of Eternity {-Tele rF+ rN+
                  | MP+9}
  1431 | D:2      | Reached skill level 5 in Conjurations
  3032 | D:3      | Reached XP level 4. HP: 27/27 MP: 5/7
  3505 | D:4      | Noticed an angel
  3507 | D:4      | Found a shimmering altar of Xom.
  3511 | D:4      | Found a glowing silver altar of Zin.
  3519 | D:4      | Found a staircase to the Ecumenical Temple.
  3520 | D:4      | Noticed Menkaure
  3536 | D:4      | Killed Menkaure
  3537 | D:4      | Reached skill level 6 in Conjurations
  3537 | D:4      | Reached XP level 5. HP: 31/31 MP: 0/8
  3580 | Temple   | Entered the Ecumenical Temple
  3757 | D:4      | Found a runed translucent door.
  3757 | D:4      | Noticed MadeInAbyssDelver's ghost (weakling HuDe)
  4132 | D:4      | Learned a level 4 spell: Iskenderun's Mystic Blast
  4510 | D:4      | Slain by a scorpion

Illustrated notes

Levels and vault maps discovered:
D:1:      nicolae_arrival_kraken_aquarium_a, layout_rooms,
          hellmonk_ecumenical_altar_prayer_group, serial_forest,
          infiniplex_forest_clump_curved, infiniplex_forest_split,
          infiniplex_forest_lined_corner, infiniplex_forest_end_3,
          infiniplex_forest_corner_2, infiniplex_forest_clump_diagonal,
          infiniplex_forest_end_2, infiniplex_forest_lined_2,
          infiniplex_forest_lined_3, infiniplex_forest_end_double
D:2:      layout_basic, serial_forest, infiniplex_forest_pool,
          infiniplex_forest_clump_long, infiniplex_forest_straight_5,
          infiniplex_forest_end_3, infiniplex_forest_straight_3,
          infiniplex_forest_clump_tiny, infiniplex_forest_straight_2,
          infiniplex_forest_straight_4, infiniplex_forest_end_2,
          infiniplex_forest_clump_tiny
D:3:      minmay_inner_zag, layout_basic
D:4:      layout_layer_cave, grunt_temple_overflow_order_and_chaos_1,
          lemuel_coloured_pillars_altar, minmay_temple_entry_trees,
          ebering_ghost_inner_flame, eino_curves_01, uniq_menkaure
Temple:   dpeg_three_leaves_temple

Skill      XL: |  1  2  3  4 |
---------------+-------------+-----
Conjurations   | 5 6 |  6.9
Dodging        | |  2.0
Stealth        | |  2.6
Spellcasting   | |  2.0
Translocations | |  0.1

Action                   |  1- 3 |  4- 6 || total
-------------------------+-------+-------++-------
Melee: Unarmed           |     3 |       ||     3
       Constrict         |     3 |       ||     3
       Short sword       |     7 |     2 ||     9
       Tentacles         |     2 |       ||     2
Throw: Dart              |       |     5 ||     5
 Cast: Magic Dart        |    90 |    21 ||   111
       Searing Ray       |     1 |     1 ||     2
  Use: Scroll            |     3 |     4 ||     7
       Potion            |       |     2 ||     2
Armor: Skin              |     1 |       ||     1
Dodge: Dodged            |     6 |     1 ||     7

Table legend: (Time is in decaauts)
 A = Elapsed time spent in this place.
 B = Non-inter-level travel time spent in this place.
 C = Inter-level travel time spent in this place.
 D = Time resting spent in this place.
 E = Time spent auto-exploring this place.
 F = Levels seen in this place.
 G = Mean time per level.
                   A        B        C        D        E       F      G
               +--------+--------+--------+--------+--------+-----+--------+
         Total |   4510 |   4287 |    223 |    330 |   3577 |   5 |  902.0 |
       Dungeon |   4406 |   4197 |    209 |    330 |   3496 |   4 | 1101.5 |
        Temple |    103 |     89 |     14 |      0 |     81 |   1 |  103.0 |
               +--------+--------+--------+--------+--------+-----+--------+

Top non-repeatable levels by time:
     D:2: 1252 daAuts
     D:3: 1159 daAuts
     D:4: 1017 daAuts
     D:1: 976 daAuts
  Temple: 103 daAuts
